[Event "EYCC Girls U10 2021"]
[Site "Tornelo"]
[Date "2021.10.15"]
[Round "6.10"]
[White "Zhou, Leyi Charlotte"]
[Black "Bubnova, Uliana"]
[Result "1-0"]
[ECO "B39"]
[WhiteElo "1199"]
[BlackElo "1333"]
[Annotator "NA RC"]
[PlyCount "111"]
[EventDate "2021.10.15"]
[EventType "swiss"]
[EventCountry "NET"]
[SourceTitle "playchess.com"]
[Source "ChessBase"]
[SourceQuality "1"]
[TimeControl "5400+30"]

1. e4 c5 2. Nf3 Nc6 3. c4 g6 4. d4 cxd4 5. Nxd4 Bg7 6. Be3 Nf6 7. Nc3 Ng4 8. Nxc6 Nxe3 9. Nxd8 Nxd1 10. Rxd1 Kxd8 11. Be2 b6 12. O-O h5 13. Rd3 d6 14. Rfd1 Bb7 15. f4 Bxc3 16. Rxc3 Bxe4 17. c5 bxc5 18. Rxc5 Rc8 19. Ra5 Rc2 20. Bd3 Rxg2+ 21. Kf1 Bb7 22. Rb5 Rxh2 23. Rxb7 Rh1+ 24. Ke2 Rxd1 25. Kxd1 Rh7 26. Rxa7 h4 27. Ra8+ Kd7 28. Ra7+ Ke6 29. Bc4+ Kf5 30. Rxe7 h3 31. Bd5 Kxf4 32. Ke2 g5 33. Re4+ Kg3 34. Re3+ Kh4 35. Kf2 f5 36. Rf3 Rc7 37. Rxf5 Rc2+ 38. Ke3 g4 39. b4 Rb2 40. Rf4 Rb1 41. Bf3 Rg1 42. Kf2 h2 43. b5 Kh3 44. Rxg4 h1=Q 45. Bxh1 Rxg4 46. b6 Ra4 47. Bd5 Kg4 48. b7 Rb4 49. a4 Kf4 50. a5 Ke5 51. Bc6 d5 52. a6 Rb2+ 53. Ke3 d4+ 54. Kd3 Rb3+ 55. Kc2 Rc3+ 56. Kd2 1-0

[Event "EYCC Girls U10 2021"]
[Site "Tornelo"]
[Date "2021.10.15"]
[Round "6.11"]
[White "Kuzmina, Sofya Vl"]
[Black "Mateeva, Yana"]
[Result "1-0"]
[ECO "E04"]
[WhiteElo "1102"]
[BlackElo "1299"]
[Annotator "NA RC"]
[PlyCount "43"]
[EventDate "2021.10.15"]
[EventType "swiss"]
[EventCountry "NET"]
[SourceTitle "playchess.com"]
[Source "ChessBase"]
[SourceQuality "1"]
[TimeControl "5400+30"]

1. d4 d5 2. c4 e6 3. Nf3 Nf6 4. g3 dxc4 5. Bg2 Bd7 6. Ne5 Bc6 7. Nxc6 Nxc6 8. Qa4 Nd5 9. Qxc4 Be7 10. Nc3 Ndb4 11. O-O Nc2 12. Bxc6+ bxc6 13. Qxc6+ Kf8 14. Rb1 Nxd4 15. Qe4 Nf5 16. Bf4 Nd6 17. Qc6 Rb8 18. Rfd1 Rb6 19. Qa4 Rb7 20. Ne4 f5 21. Nc5 Rb8 22. Nxe6+ 1-0

[Event "EYCC Girls U10 2021"]
[Site "Tornelo"]
[Date "2021.10.15"]
[Round "7.1"]
[White "Bashirli, Saadat"]
[Black "Preobrazhenskaya, Diana"]
[Result "0-1"]
[ECO "B52"]
[WhiteElo "1284"]
[BlackElo "1764"]
[Annotator "NA RC"]
[PlyCount "96"]
[EventDate "2021.10.15"]
[EventType "swiss"]
[EventCountry "NET"]
[SourceTitle "playchess.com"]
[Source "ChessBase"]
[SourceQuality "1"]
[TimeControl "5400+30"]

1. e4 c5 2. Nf3 d6 3. Bb5+ Bd7 4. Bxd7+ Qxd7 5. c4 Nf6 6. Nc3 Nc6 7. O-O g6 8. d4 cxd4 9. Nxd4 Bg7 10. Be3 Ng4 11. Nd5 Nxe3 12. fxe3 O-O 13. Qd2 Rac8 14. Rac1 Ne5 15. b3 Ng4 16. h3 e6 17. hxg4 exd5 18. exd5 Qxg4 19. Rf4 Qg5 20. Rcf1 Rce8 21. Qd3 Qe5 22. R4f3 Re7 23. b4 Bh6 24. Re1 Rfe8 25. Nc2 Qe4 26. Qe2 b5 27. c5 dxc5 28. bxc5 Qxd5 29. Qxb5 Rc8 30. Qb2 Bg7 31. Qb1 Qxc5 32. Rf2 Qh5 33. Nd4 Be5 34. Qb4 Rec7 35. Rf3 Qh2+ 36. Kf1 Bg3 37. Rd1 Qh1+ 38. Ke2 Qxg2+ 39. Kd3 Rd8 40. Qb3 Qxf3 41. Rd2 Qf1+ 42. Re2 Be1 43. Ke4 Re8+ 44. Kd5 Qh1+ 45. e4 Qh4 46. Nc6 Qh5+ 47. Kd6 Rxc6+ 48. Kxc6 Qxe2 0-1

[Event "EYCC Girls U10 2021"]
[Site "Tornelo"]
[Date "2021.10.15"]
[Round "7.2"]
[White "Blinova, Sofia"]
[Black "Zeybek, Kayla Nil"]
[Result "1-0"]
[ECO "C01"]
[WhiteElo "1297"]
[BlackElo "1221"]
[Annotator "NA RC"]
[PlyCount "105"]
[EventDate "2021.10.15"]
[EventType "swiss"]
[EventCountry "NET"]
[SourceTitle "playchess.com"]
[Source "ChessBase"]
[SourceQuality "1"]
[TimeControl "5400+30"]

1. e4 e6 2. d4 d5 3. exd5 exd5 4. c3 Bd6 5. Nf3 Bg4 6. Be2 Nc6 7. Bg5 f6 8. Bh4 Nge7 9. O-O Qd7 10. Bg3 O-O-O 11. Nbd2 g5 12. Re1 h5 13. Bxd6 Qxd6 14. g3 Nf5 15. Bf1 h4 16. Bg2 hxg3 17. fxg3 Bh3 18. Bxh3 Rxh3 19. Ne5 Nxe5 20. dxe5 Qb6+ 21. Kf1 Ne3+ 22. Rxe3 Qxe3 23. Qg4+ Kb8 24. Qxh3 Qxd2 25. e6 Qxb2 26. Re1 Qb5+ 27. Kf2 Qc5+ 28. Kg2 Qe7 29. Qh5 Kc8 30. Qg4 Rf8 31. h4 f5 32. Qxg5 Qxg5 33. hxg5 Rg8 34. Kf3 Kd8 35. Kf4 Ke7 36. Kxf5 a5 37. Rh1 Rf8+ 38. Ke5 Rg8 39. Rh7+ Ke8 40. Kf6 Rf8+ 41. Rf7 Rg8 42. g6 c5 43. g7 b6 44. Ra7 Kd8 45. Ra8+ Kc7 46. Rxg8 d4 47. Rc8+ Kxc8 48. g8=Q+ Kc7 49. cxd4 cxd4 50. e7 d3 51. e8=Q d2 52. Qc4+ Kd6 53. Qee6# 1-0

[Event "EYCC Girls U10 2021"]
[Site "Tornelo"]
[Date "2021.10.15"]
[Round "7.3"]
[White "Kutateladze, Anastasia"]
[Black "Asachenko, Ksenia"]
[Result "1/2-1/2"]
[ECO "B47"]
[WhiteElo "1137"]
[BlackElo "1382"]
[Annotator "NA RC"]
[PlyCount "55"]
[EventDate "2021.10.15"]
[EventType "swiss"]
[EventCountry "NET"]
[SourceTitle "playchess.com"]
[Source "ChessBase"]
[SourceQuality "1"]
[TimeControl "5400+30"]

1. e4 c5 2. Nf3 e6 3. d4 cxd4 4. Nxd4 a6 5. Nc3 Qc7 6. g3 Nf6 7. Bg2 Nc6 8. O-O Be7 9. Re1 Nxd4 10. Qxd4 Bc5 11. Qd1 Qb6 12. Rf1 Qc7 13. Bg5 Be7 14. Be3 O-O 15. Qe2 d6 16. Rad1 Bd7 17. f4 Bc6 18. Bd4 b5 19. Rfe1 e5 20. Be3 b4 21. Nd5 Nxd5 22. exd5 Bb5 23. Qf2 Rac8 24. Rc1 Qa5 25. Ra1 Qc7 26. Rac1 Qa5 27. Ra1 Qc7 28. Rac1 1/2-1/2

[Event "EYCC Girls U10 2021"]
[Site "Tornelo"]
[Date "2021.10.15"]
[Round "7.4"]
[White "Aydogan, Arya"]
[Black "Sokolova, Regina"]
[Result "1-0"]
[ECO "B51"]
[WhiteElo "1250"]
[BlackElo "1364"]
[Annotator "NA RC"]
[PlyCount "145"]
[EventDate "2021.10.15"]
[EventType "swiss"]
[EventCountry "NET"]
[SourceTitle "playchess.com"]
[Source "ChessBase"]
[SourceQuality "1"]
[TimeControl "5400+30"]

1. e4 c5 2. Nf3 d6 3. Bb5+ Nd7 4. O-O Ngf6 5. Re1 a6 6. Bf1 g6 7. c3 Bg7 8. d4 cxd4 9. cxd4 e6 10. Nc3 O-O 11. Bf4 Nb8 12. Bg5 h6 13. Bh4 Qd7 14. Na4 b5 15. Nb6 Qb7 16. Nxa8 Qxa8 17. Bd3 Bb7 18. Qe2 Nc6 19. Bxf6 Bxf6 20. e5 dxe5 21. dxe5 Bg7 22. Be4 Ne7 23. Bxb7 Qxb7 24. Rac1 Nd5 25. Qc2 Qb8 26. a3 Qa7 27. Qe4 Rb8 28. Nd4 Rf8 29. Nc6 Qa8 30. Nb4 Nxb4 31. Qxb4 Qb8 32. f4 Qa7+ 33. Qc5 Qb7 34. Kh1 h5 35. Qd6 Rc8 36. Rxc8+ Qxc8 37. Rd1 Qc2 38. Qd2 Qc4 39. Rc1 Qe4 40. Kg1 Kh7 41. Qf2 Qd3 42. Rc7 Kg8 43. h3 Bh6 44. Kh2 Qe4 45. g3 h4 46. Rc3 hxg3+ 47. Kxg3 Bg7 48. h4 Bh6 49. Rf3 Kg7 50. Re3 Qb1 51. Re1 Qd3+ 52. Qe3 Qc2 53. Re2 Qd1 54. b4 Qa1 55. Kh2 Qf1 56. Rf2 Qc4 57. Qg3 Kh7 58. Qf3 Qd4 59. Qg3 Qc4 60. Qf3 Qd4 61. Kg3 Qa1 62. h5 Qg1+ 63. Kh3 Qb1 64. hxg6+ fxg6 65. Qb7+ Bg7 66. Rh2 Qg1 67. Rh1 Qd4 68. Kg4+ Kg8 69. Qe7 Qd3 70. Qe8+ Bf8 71. Qxe6+ Kg7 72. Qf6+ Kg8 73. Rh8# 1-0

[Event "EYCC Girls U10 2021"]
[Site "Tornelo"]
[Date "2021.10.15"]
[Round "7.6"]
[White "Lajdamik, Kinga"]
[Black "Zhou, Leyi Charlotte"]
[Result "0-1"]
[ECO "C84"]
[WhiteElo "1367"]
[BlackElo "1199"]
[Annotator "NA RC"]
[PlyCount "64"]
[EventDate "2021.10.15"]
[EventType "swiss"]
[EventCountry "NET"]
[SourceTitle "playchess.com"]
[Source "ChessBase"]
[SourceQuality "1"]
[TimeControl "5400+30"]

1. e4 e5 2. Nf3 Nc6 3. Bb5 a6 4. Ba4 Nf6 5. d4 exd4 6. O-O Be7 7. Nxd4 O-O 8. Re1 b5 9. Nxc6 dxc6 10. Qxd8 Rxd8 11. Bb3 Bc5 12. Nd2 Ng4 13. Re2 a5 14. a4 b4 15. h3 Ba6 16. hxg4 Bxe2 17. c3 bxc3 18. bxc3 Rd6 19. Nf3 Rb8 20. Bc2 Rg6 21. Ne5 Rd6 22. Bf4 Ba7 23. Nf3 Rd7 24. Ne5 Rd6 25. Nf3 Rf6 26. Bxc7 Rb2 27. Bd1 Bxf2+ 28. Kxf2 Bxf3+ 29. Kg3 Rxg2+ 30. Kh4 Rh6+ 31. Kg5 Rxg4+ 32. Kf5 Rh5# 0-1

[Event "EYCC Girls U10 2021"]
[Site "Tornelo"]
[Date "2021.10.15"]
[Round "7.7"]
[White "Gratskova, Anastasia"]
[Black "Nahapetyan, Ani"]
[Result "1-0"]
[ECO "D05"]
[WhiteElo "1313"]
[BlackElo "1075"]
[Annotator "NA RC"]
[PlyCount "81"]
[EventDate "2021.10.15"]
[EventType "swiss"]
[EventCountry "NET"]
[SourceTitle "playchess.com"]
[Source "ChessBase"]
[SourceQuality "1"]
[TimeControl "5400+30"]

1. d4 d5 2. Nf3 e6 3. e3 Nf6 4. Bd3 c5 5. b3 Nc6 6. Bb2 Be7 7. Nbd2 Bd7 8. a3 Rc8 9. O-O O-O 10. Ne5 Re8 11. f4 Qb6 12. Nxc6 Rxc6 13. Rb1 Qd8 14. Nf3 Rc8 15. Ne5 a6 16. g4 b5 17. g5 Ne4 18. Bxe4 dxe4 19. dxc5 Bc6 20. Nxc6 Rxc6 21. b4 Qxd1 22. Rbxd1 Rcc8 23. Rd4 f5 24. Rd7 Kf8 25. Rfd1 Rc6 26. Be5 Kg8 27. Rb7 Bf8 28. Rdd7 Rcc8 29. Bxg7 Rcd8 30. Bxf8 Kxf8 31. Rf7+ Kg8 32. Rg7+ Kh8 33. Rxh7+ Kg8 34. Rhd7 Rc8 35. h4 Rcd8 36. h5 Rc8 37. h6 Rcd8 38. Rg7+ Kh8 39. Rh7+ Kg8 40. Rbg7+ Kf8 41. Rh8# 1-0

[Event "EYCC Girls U10 2021"]
[Site "Tornelo"]
[Date "2021.10.15"]
[Round "7.8"]
[White "Semenova, Vasilisa"]
[Black "Kuzmina, Sofya Vl"]
[Result "1-0"]
[ECO "D06"]
[WhiteElo "1305"]
[BlackElo "1102"]
[Annotator "NA RC"]
[PlyCount "89"]
[EventDate "2021.10.15"]
[EventType "swiss"]
[EventCountry "NET"]
[SourceTitle "playchess.com"]
[Source "ChessBase"]
[SourceQuality "1"]
[TimeControl "5400+30"]

1. Nf3 d5 2. d4 c5 3. c4 cxd4 4. cxd5 Qxd5 5. Nc3 Qa5 6. Nxd4 g6 7. e3 Bg7 8. Bb5+ Bd7 9. Bxd7+ Nxd7 10. O-O Ngf6 11. Bd2 Qb6 12. Qb3 Qc7 13. Ncb5 Qb6 14. Qa3 Qd8 15. Ba5 Nb6 16. Rac1 O-O 17. Rfd1 Nfd7 18. Qb3 a6 19. Nc7 Bxd4 20. Rxd4 Rc8 21. Bxb6 e5 22. Rd3 Qe7 23. Rdc3 Nf6 24. Bc5 Qd7 25. Bxf8 Kxf8 26. Ne6+ fxe6 27. Rxc8+ Ne8 28. Qb4+ Kg8 29. Qb6 Kf8 30. Qd8 Qxd8 31. Rxd8 Ke7 32. Rb8 Nd6 33. Rc7+ Kf6 34. h4 e4 35. Rf8+ Nf7 36. Rfxf7+ Ke5 37. Rcd7 g5 38. hxg5 b5 39. Rxh7 a5 40. Rhf7 b4 41. g6 b3 42. g7 bxa2 43. g8=Q a1=Q+ 44. Kh2 a4 45. Qg5# 1-0

[Event "EYCC Girls U10 2021"]
[Site "Tornelo"]
[Date "2021.10.15"]
[Round "7.9"]
[White "Kuznetsova, Ekaterina A"]
[Black "Huseynova, Dinara"]
[Result "1-0"]
[ECO "D10"]
[WhiteElo "1085"]
[BlackElo "1210"]
[Annotator "NA RC"]
[PlyCount "101"]
[EventDate "2021.10.15"]
[EventType "swiss"]
[EventCountry "NET"]
[SourceTitle "playchess.com"]
[Source "ChessBase"]
[SourceQuality "1"]
[TimeControl "5400+30"]

1. d4 d5 2. c4 c6 3. Nc3 e5 4. e3 exd4 5. Qxd4 Nf6 6. Nf3 Bb4 7. cxd5 Bxc3+ 8. Qxc3 Qxd5 9. Bc4 Qd8 10. O-O O-O 11. h3 Bf5 12. Qb3 Qb6 13. Qc3 Nbd7 14. Rd1 Rad8 15. Nd4 Ne5 16. Bb3 Bg6 17. f4 c5 18. fxe5 cxd4 19. exd4 Nd5 20. Qf3 Ne7 21. Be3 Nf5 22. Qf4 Nxe3 23. Qxe3 Kh8 24. Qf2 Be4 25. d5 Qxf2+ 26. Kxf2 Rfe8 27. e6 fxe6 28. dxe6 Rxd1 29. Rxd1 Bc6 30. Re1 Re7 31. Kg3 Kg8 32. Rf1 Be4 33. Rf2 g6 34. Kf4 Bc6 35. Ke5 Kg7 36. Kd6 Re8 37. e7 h6 38. Rf7+ Kh8 39. Rf8+ Kg7 40. Rxe8 Bxe8 41. Kc7 b5 42. Kd8 Bc6 43. Bd5 Bxd5 44. e8=Q Bxg2 45. Qe7+ Kg8 46. Qxa7 Bxh3 47. Ke8 Be6 48. Qe7 Bxa2 49. Qf8+ Kh7 50. Ke7 g5 51. Kf6 1-0

[Event "EYCC Girls U10 2021"]
[Site "Tornelo"]
[Date "2021.10.15"]
[Round "7.11"]
[White "Figa, Karolina"]
[Black "Ashton, Alannah"]
[Result "1-0"]
[ECO "A59"]
[WhiteElo "1411"]
[BlackElo "1294"]
[Annotator "NA RC"]
[PlyCount "91"]
[EventDate "2021.10.15"]
[EventType "swiss"]
[EventCountry "NET"]
[SourceTitle "playchess.com"]
[Source "ChessBase"]
[SourceQuality "1"]
[TimeControl "5400+30"]

1. d4 Nf6 2. c4 c5 3. d5 b5 4. cxb5 a6 5. bxa6 g6 6. Nc3 Bxa6 7. e4 Bxf1 8. Kxf1 d6 9. g3 Bg7 10. Kg2 O-O 11. Nf3 Nbd7 12. Qc2 Ra6 13. Nb5 Qa5 14. a4 Rb8 15. Bd2 Qd8 16. Bc3 Rb7 17. b3 Qa8 18. Rhb1 c4 19. b4 Nb6 20. Nbd4 Nxa4 21. Bd2 Nb6 22. Rxa6 Qxa6 23. Bc3 Rc7 24. Ra1 Qc8 25. Nc6 e6 26. Qb2 Ne8 27. Bxg7 Nxg7 28. Qf6 Qe8 29. b5 exd5 30. Qxd6 Rd7 31. Qc5 dxe4 32. Nfe5 Rb7 33. Ra6 Ne6 34. Qd6 c3 35. Ra2 f6 36. Ng4 Kf7 37. Rc2 Rd7 38. Nce5+ fxe5 39. Nxe5+ Kf6 40. Ng4+ Kg7 41. Qxb6 Rd3 42. Qb7+ Qf7 43. Qxf7+ Kxf7 44. Ne5+ Kf6 45. Nxd3 exd3 46. Rxc3 1-0

[Event "EYCC Girls U10 2021"]
[Site "Tornelo"]
[Date "2021.10.15"]
[Round "7.12"]
[White "Vujovic, Vera"]
[Black "Sunea, Sara Maria"]
[Result "0-1"]
[ECO "B33"]
[WhiteElo "1267"]
[BlackElo "1342"]
[Annotator "NA RC"]
[PlyCount "146"]
[EventDate "2021.10.15"]
[EventType "swiss"]
[EventCountry "NET"]
[SourceTitle "playchess.com"]
[Source "ChessBase"]
[SourceQuality "1"]
[TimeControl "5400+30"]

1. e4 c5 2. Nf3 Nc6 3. d4 cxd4 4. Nxd4 Nf6 5. Nc3 e5 6. Ndb5 d6 7. Bg5 a6 8. Na3 b5 9. Nd5 Be7 10. Nxf6+ Bxf6 11. Bxf6 Qxf6 12. Qd2 O-O 13. O-O-O Rd8 14. f3 Be6 15. c4 Nd4 16. b3 Rdc8 17. Qe3 bxc4 18. Bxc4 a5 19. Kb2 Rab8 20. Rc1 a4 21. Rc3 Bxc4 22. Nxc4 Qe6 23. Rhc1 axb3 24. axb3 Rc5 25. Nd2 Rcb5 26. Qd3 h6 27. Qc4 Qg6 28. Qf1 Qg5 29. Rc8+ Kh7 30. Qd1 Qxg2 31. Rxb8 Rxb8 32. Rc3 Qxh2 33. Kb1 Qe2 34. Qxe2 Nxe2 35. Rc7 Nd4 36. Kb2 Kg6 37. Rd7 Rb6 38. Ka2 Rc6 39. Nc4 Nb5 40. Rb7 Nc3+ 41. Kb2 Na4+ 42. Ka3 Nc5 43. Rb5 h5 44. Nxd6 Ra6+ 45. Kb4 Nd3+ 46. Kc3 Rxd6 47. Ra5 h4 48. Ra2 Nf4 49. b4 Rc6+ 50. Kb3 Nd3 51. b5 Rc5 52. Ka4 Rc8 53. Rh2 Kh5 54. b6 Rb8 55. Kb5 Nb4 56. Rh3 g5 57. Kxb4 Rxb6+ 58. Kc5 Re6 59. Kd5 g4 60. fxg4+ Kxg4 61. Ra3 h3 62. Ra7 h2 63. Rxf7 Rh6 64. Rf1 Rh5 65. Ra1 Kf4 66. Rf1+ Kg3 67. Ra1 Kf3 68. Rf1+ Kg2 69. Re1 h1=Q 70. Rxh1 Kxh1 71. Kc4 Kg2 72. Kc5 Kf3 73. Kd5 Rg5 0-1

[Event "EYCC Girls U10 2021"]
[Site "Tornelo"]
[Date "2021.10.15"]
[Round "8.1"]
[White "Preobrazhenskaya, Diana"]
[Black "Asachenko, Ksenia"]
[Result "1-0"]
[ECO "B84"]
[WhiteElo "1764"]
[BlackElo "1382"]
[Annotator "NA"]
[PlyCount "57"]
[EventDate "2021.10.15"]
[EventType "swiss"]
[EventCountry "NET"]
[SourceTitle "playchess.com"]
[Source "ChessBase"]
[SourceQuality "1"]
[TimeControl "5400+30"]

1. e4 c5 2. Nf3 d6 3. d4 cxd4 4. Nxd4 Nf6 5. Nc3 a6 6. Be2 Nbd7 7. Be3 e6 8. O-O Be7 9. f4 Qc7 10. Bf3 Rb8 11. Qe2 O-O 12. Rae1 b5 13. e5 Nd5 14. Bxd5 Bh4 15. g3 exd5 16. gxh4 dxe5 17. Nxd5 Qb7 18. Nc6 Ra8 19. fxe5 Kh8 20. Nde7 Nxe5 21. Qh5 Bh3 22. Qxe5 Bxf1 23. Rxf1 f6 24. Qh5 Rfe8 25. Ng6+ Kg8 26. Qd5+ Qf7 27. Nce7+ Rxe7 28. Nxe7+ Kf8 29. Qxa8+ 1-0

[Event "EYCC Girls U10 2021"]
[Site "Tornelo"]
[Date "2021.10.15"]
[Round "8.2"]
[White "Blinova, Sofia"]
[Black "Aydogan, Arya"]
[Result "1/2-1/2"]
[ECO "C50"]
[WhiteElo "1297"]
[BlackElo "1250"]
[Annotator "NA"]
[PlyCount "71"]
[EventDate "2021.10.15"]
[EventType "swiss"]
[EventCountry "NET"]
[SourceTitle "playchess.com"]
[Source "ChessBase"]
[SourceQuality "1"]
[TimeControl "5400+30"]

1. e4 e5 2. Nf3 Nc6 3. Bc4 Bc5 4. d3 Nf6 5. Bg5 h6 6. Bh4 d6 7. h3 Be6 8. Bb3 Qd7 9. Nc3 O-O-O 10. Qd2 Rde8 11. O-O-O g5 12. Bg3 Nh5 13. Nd5 Ne7 14. Qa5 Bxd5 15. exd5 Bb6 16. Qb4 Qf5 17. a4 Nf4 18. Bxf4 Qxf4+ 19. Qxf4 gxf4 20. d4 f6 21. g4 fxg3 22. fxg3 Nf5 23. g4 Nxd4 24. Nxd4 Bxd4 25. c3 Be3+ 26. Kc2 Ref8 27. Kd3 Bf4 28. Ke4 Rhg8 29. Bc2 Kd7 30. Kf3 Ke7 31. Bf5 a5 32. Rhe1 b6 33. Rd4 Bg5 34. Rc4 Kd8 35. b4 c5 36. b5 1/2-1/2

[Event "EYCC Girls U10 2021"]
[Site "Tornelo"]
[Date "2021.10.15"]
[Round "8.4"]
[White "Zhou, Leyi Charlotte"]
[Black "Gratskova, Anastasia"]
[Result "0-1"]
[ECO "C01"]
[WhiteElo "1199"]
[BlackElo "1313"]
[Annotator "NA"]
[PlyCount "72"]
[EventDate "2021.10.15"]
[EventType "swiss"]
[EventCountry "NET"]
[SourceTitle "playchess.com"]
[Source "ChessBase"]
[SourceQuality "1"]
[TimeControl "5400+30"]

1. e4 e6 2. d4 d5 3. exd5 exd5 4. Nf3 Bg4 5. Nc3 Nc6 6. Be2 Bb4 7. O-O Nge7 8. h3 Bh5 9. Bf4 Bd6 10. Bd2 a6 11. Re1 O-O 12. Bd3 h6 13. Be2 f5 14. Qc1 Kh7 15. Ng5+ hxg5 16. Bxh5 g6 17. Bf3 Nxd4 18. Bxd5 Nxd5 19. Nxd5 f4 20. h4 c6 21. Nc3 gxh4 22. Re4 Qf6 23. Ne2 Nxe2+ 24. Rxe2 Rae8 25. Rxe8 Rxe8 26. Bc3 Be5 27. Qd2 Bxc3 28. bxc3 g5 29. Rb1 Re7 30. Qd3+ Kh6 31. Qd8 Re1+ 32. Rxe1 Qxd8 33. Re6+ Kg7 34. Re1 Kf6 35. Rb1 b5 36. Kf1 Qd2 0-1

[Event "EYCC Girls U10 2021"]
[Site "Tornelo"]
[Date "2021.10.15"]
[Round "8.5"]
[White "Semenova, Vasilisa"]
[Black "Kuznetsova, Ekaterina A"]
[Result "1-0"]
[ECO "E34"]
[WhiteElo "1305"]
[BlackElo "1085"]
[Annotator "NA"]
[PlyCount "133"]
[EventDate "2021.10.15"]
[EventType "swiss"]
[EventCountry "NET"]
[SourceTitle "playchess.com"]
[Source "ChessBase"]
[SourceQuality "1"]
[TimeControl "5400+30"]

1. d4 Nf6 2. c4 e6 3. Nc3 Bb4 4. Qc2 d5 5. Bg5 dxc4 6. e3 Qd5 7. Bxf6 gxf6 8. a3 Bxc3+ 9. Qxc3 b5 10. a4 c6 11. axb5 cxb5 12. b3 Ba6 13. Be2 Qd7 14. Bf3 Bb7 15. bxc4 Bxf3 16. Nxf3 bxc4 17. Qxc4 Qc6 18. Qxc6+ Nxc6 19. O-O O-O 20. Rfc1 Ne7 21. Rc7 Nd5 22. Rcxa7 Rxa7 23. Rxa7 Rc8 24. h3 Rc1+ 25. Kh2 Rc2 26. Kg3 Kg7 27. Ne1 Rc3 28. Ra2 Nb4 29. Rb2 Nd3 30. Nxd3 Rxd3 31. Kf3 Ra3 32. Rb5 Kg6 33. g4 Ra1 34. Rb3 Ra4 35. Rd3 Ra5 36. e4 e5 37. d5 Ra7 38. Ke2 Kg5 39. d6 Rd7 40. Kd2 Kf4 41. f3 Kg3 42. Kc3 Kf2 43. h4 Ke2 44. Kc4 h6 45. h5 Rd8 46. d7 Kf2 47. Kc5 Ke2 48. Rd6 Kxf3 49. Rxf6+ Kxe4 50. Kc6 Kd4 51. Kc7 Rxd7+ 52. Kxd7 e4 53. Rxf7 e3 54. Re7 Kd3 55. g5 hxg5 56. h6 g4 57. h7 g3 58. h8=Q g2 59. Qg7 e2 60. Qxg2 e1=Q 61. Rxe1 Kd4 62. Qd2+ Kc4 63. Rc1+ Kb3 64. Qc2+ Ka3 65. Qc3+ Ka4 66. Qb2 Ka5 67. Ra1# 1-0

[Event "EYCC Girls U10 2021"]
[Site "Tornelo"]
[Date "2021.10.15"]
[Round "8.7"]
[White "Kutateladze, Anastasia"]
[Black "Sultanova, Kristina"]
[Result "0-1"]
[ECO "B33"]
[WhiteElo "1137"]
[BlackElo "1293"]
[Annotator "NA"]
[PlyCount "164"]
[EventDate "2021.10.15"]
[EventType "swiss"]
[EventCountry "NET"]
[SourceTitle "playchess.com"]
[Source "ChessBase"]
[SourceQuality "1"]
[TimeControl "5400+30"]

1. e4 c5 2. Nf3 Nc6 3. d4 cxd4 4. Nxd4 Nf6 5. Nc3 e5 6. Nb3 Bb4 7. f3 d5 8. exd5 Nxd5 9. Bd2 Nxc3 10. Bxc3 Bxc3+ 11. bxc3 O-O 12. Bd3 b6 13. Qe2 Bb7 14. Rb1 Qe7 15. O-O Rac8 16. Rfe1 Rfe8 17. Bb5 f6 18. Nd2 Rc7 19. Rbd1 Bc8 20. Ne4 Be6 21. Bc4 Na5 22. Bb3 Nc4 23. Nd2 Nxd2 24. Qxd2 Rec8 25. Re3 Bf7 26. Rd3 h6 27. h3 Kh7 28. Kh1 Bg6 29. Re3 Qc5 30. Be6 Re8 31. Bb3 Qa5 32. Qe1 Rc5 33. c4 Qxe1+ 34. Rexe1 Rc7 35. Rd2 Bf5 36. Rd6 Ree7 37. Red1 Red7 38. Rxd7 Rxd7 39. Rxd7 Bxd7 40. Kg1 Be6 41. Kf2 Kg6 42. c3 Kf7 43. Ke3 Ke7 44. Kd3 Kd6 45. a4 Kc5 46. h4 h5 47. g3 a6 48. Ba2 b5 49. axb5 axb5 50. Ke4 Bxc4 51. Bb1 Be6 52. Bd3 g6 53. Ke3 f5 54. f4 e4 55. Be2 Bc4 56. Bd1 Kd5 57. Bc2 Ba2 58. Kd2 Kc4 59. Bd1 e3+ 60. Kxe3 Kxc3 61. Bf3 b4 62. Bc6 Bf7 63. Ba4 b3 64. Bxb3 Bxb3 65. Kf2 Kd2 66. Kf3 Bc4 67. Kf2 Be2 68. Kg1 Ke3 69. Kh2 Kf2 70. Kh3 Bf3 71. Kh2 Bg4 72. Kh1 Kxg3 73. Kg1 Kxf4 74. Kh2 Ke3 75. Kg3 f4+ 76. Kg2 Ke2 77. Kg1 f3 78. Kh2 f2 79. Kh1 f1=Q+ 80. Kh2 Bh3 81. Kg3 Qf3+ 82. Kh2 Qg2# 0-1

[Event "EYCC Girls U10 2021"]
[Site "Tornelo"]
[Date "2021.10.15"]
[Round "8.8"]
[White "Valiyeva, Asnad"]
[Black "Figa, Karolina"]
[Result "0-1"]
[ECO "D00"]
[WhiteElo "1173"]
[BlackElo "1411"]
[Annotator "NA"]
[PlyCount "178"]
[EventDate "2021.10.15"]
[EventType "swiss"]
[EventCountry "NET"]
[SourceTitle "playchess.com"]
[Source "ChessBase"]
[SourceQuality "1"]
[TimeControl "5400+30"]

1. d4 Nf6 2. Bf4 d5 3. e3 c5 4. c3 Nc6 5. Nd2 Qb6 6. Qb3 c4 7. Qc2 g6 8. b3 Bf5 9. Qc1 cxb3 10. axb3 Ne4 11. Ngf3 Na5 12. b4 Nc6 13. Nxe4 Bxe4 14. Be2 Bg7 15. O-O O-O 16. Nd2 Bf5 17. Nb3 Qd8 18. b5 Nb8 19. Ra3 a5 20. Bxb8 Qxb8 21. Nxa5 Qc7 22. Qa1 Bd7 23. Nc6 Rae8 24. Nb4 Qd6 25. Ra7 Rb8 26. Qa2 e6 27. Ra1 Rfc8 28. Qb3 Qb6 29. R7a5 Qc7 30. R1a3 Bf8 31. h3 Qxc3 32. Qxc3 Rxc3 33. Rxc3 Bxb4 34. Raa3 Bxa3 35. Rxa3 Kf8 36. Ra7 Ke7 37. Kh2 f6 38. Kg3 e5 39. h4 Kd6 40. Ra5 Rc8 41. b6 Rc2 42. Bd1 Rb2 43. Ra8 Be6 44. Rd8+ Kc6 45. Rf8 exd4 46. Rxf6 Kd7 47. exd4 Ke7 48. Rf3 Rd2 49. Bb3 Rxd4 50. Rf4 Rd2 51. Rf3 Rb2 52. Re3 Kd6 53. Kf3 Rd2 54. g3 Rd4 55. Bc2 Rb4 56. Rb3 Rxb3+ 57. Bxb3 Kc6 58. Kf4 Kc5 59. Ke5 Bg8 60. g4 Kxb6 61. Bxd5 Bxd5 62. Kxd5 Kc7 63. Kc5 b6+ 64. Kd5 Kb7 65. f4 Kc7 66. f5 gxf5 67. gxf5 Kd7 68. Ke5 Ke7 69. h5 h6 70. Kd5 Kf6 71. Kc6 Kxf5 72. Kxb6 Kg5 73. Kc5 Kxh5 74. Kd4 Kg4 75. Ke3 Kg3 76. Ke4 h5 77. Kf5 h4 78. Kg6 h3 79. Kg5 h2 80. Kg6 h1=Q 81. Kg5 Qf3 82. Kg6 Qf4 83. Kh5 Kf3 84. Kg6 Ke4 85. Kg7 Qf5 86. Kh6 Qg4 87. Kh7 Kf5 88. Kh8 Kf6 89. Kh7 Qg7# 0-1

[Event "EYCC Girls U10 2021"]
[Site "Tornelo"]
[Date "2021.10.15"]
[Round "8.9"]
[White "Sunea, Sara Maria"]
[Black "Sokolova, Regina"]
[Result "0-1"]
[ECO "C10"]
[WhiteElo "1342"]
[BlackElo "1364"]
[Annotator "NA"]
[PlyCount "146"]
[EventDate "2021.10.15"]
[EventType "swiss"]
[EventCountry "NET"]
[SourceTitle "playchess.com"]
[Source "ChessBase"]
[SourceQuality "1"]
[TimeControl "5400+30"]

1. e4 e6 2. d4 d5 3. Nd2 dxe4 4. Nxe4 Bd7 5. Nf3 Bc6 6. Bd3 Nd7 7. Bf4 Ngf6 8. Qe2 Be7 9. O-O h6 10. h3 Nxe4 11. Bxe4 Bxe4 12. Qxe4 c6 13. Rfe1 O-O 14. Ne5 Nxe5 15. Bxe5 Bf6 16. Re3 Bxe5 17. Qxe5 Qd5 18. c3 Qxe5 19. Rxe5 Rfd8 20. Rae1 Rd5 21. Kh2 Rc8 22. Kg3 Kf8 23. Kf4 g5+ 24. Kg4 Rd7 25. Kh5 Kg7 26. Ra5 b6 27. Rae5 Rdc7 28. R1e3 Re7 29. h4 gxh4 30. Kxh4 Kh7 31. Kh5 Rg8 32. g4 Rg6 33. Rh3 Re8 34. f4 Reg8 35. g5 hxg5 36. Kg4+ Kg7 37. Rxg5 Rxg5+ 38. fxg5 Rd8 39. Rd3 c5 40. b3 Rd5 41. Kf4 Kg6 42. Ke4 Rxg5 43. dxc5 Rxc5 44. Rd7 Rxc3 45. Rxa7 Rc2 46. Rb7 Rxa2 47. Rxb6 f5+ 48. Kf4 Kf6 49. b4 Rb2 50. b5 Rb4+ 51. Kf3 Ke5 52. Rb8 Kd6 53. b6 Kc6 54. Re8 Re4 55. Rb8 e5 56. Kg3 f4+ 57. Kf3 Rb4 58. Re8 Rb3+ 59. Kf2 Kd5 60. Rb8 Ke4 61. b7 Rb2+ 62. Kf1 Kf3 63. Ke1 e4 64. Kd1 e3 65. Rh8 Rxb7 66. Rh3+ Ke4 67. Ke2 Rb2+ 68. Ke1 f3 69. Kd1 Rd2+ 70. Kc1 Rd6 71. Rh4+ Kd3 72. Rf4 f2 73. Kb1 e2 0-1